Map: Prion Terraces

Players

Impure

  • Race: Terran Terran
  • League: Grandmaster

xKawaiian - Winner!

  • Race: Terran Terran
  • League: Master

VOD

Have the link to the VOD?

Description

Time

  • Played on: Jan. 16, 2016, 12:05 a.m.
  • Length: 6:37
Show
View Real Time Build Order
Export as new Build Order

Impure Terran 

Build Orders:  

Get SALT Encoding   

  12  0:00  SCV  
  13  0:13  SCV  
  14  0:17  Supply Depot  
  14  0:25  SCV  
  14  0:27  Refinery  
  15  0:39  SCV  
  16  0:45  Barracks  
  16  0:51  SCV  
  17  1:03  SCV  
  17  1:04  Refinery  
  18  1:16  SCV  
  19  1:32  Reaper, Orbital Command  
  20  1:43  Factory  
  19  1:58  SCV  
  19  1:59  Supply Depot  
  20  2:04  Reaper  
  21  2:10  SCV  
  23  2:22  SCV  
  23  2:28  Hellion  
  25  2:30  Starport  
  25  2:34  SCV  
  26  2:44  Supply Depot  
  26  2:45  Barracks Tech Lab  
  26  2:47  SCV  
  27  3:03  SCV, Hellion  
  30  3:15  SCV  
  28  3:27  SCV  
  28  3:30  Factory Tech Lab  
  28  3:32  Command Center  
  28  3:35  Banshee  
  28  3:40  Barracks Reactor  
  31  3:42  Supply Depot, SCV  
  32  3:52  Cyclone  
  32  3:54  SCV  
  34  4:02  Supply Depot  
  34  4:06  SCV  
  35  4:16  Marine x2  
  37  4:18  Banshee  
  37  4:34  Marine x2  
  37  4:38  Siege Tank  
  42  4:41  SCV  
  42  4:45  Orbital Command  
  43  4:46  Supply Depot  
  43  4:52  Marine x2  
  45  4:53  SCV  
  43  5:09  Marine  
  39  5:16  SCV  
  38  5:24  Viking  
  38  5:25  SCV  
  40  5:31  SCV  
  40  5:34  Marine  
  40  5:42  Factory Tech Lab, SCV  
  20  6:16  SCV  
  20  6:17  Marine  
  25  6:18  SCV  
Show
View Real Time Build Order
Export as new Build Order

xKawaiian Terran - Winner!

Build Orders: 1/1/1, Cyclone Opening 

Get SALT Encoding   

  12  0:01  SCV  
  13  0:13  SCV  
  14  0:17  Supply Depot  
  14  0:25  SCV  
  15  0:39  SCV  
  15  0:40  Barracks  
  16  0:46  Refinery  
  16  0:51  SCV  
  16  0:54  Refinery  
  17  1:03  SCV  
  18  1:15  SCV  
  19  1:27  Marine  
  19  1:29  Orbital Command  
  20  1:35  Factory  
  20  1:44  Marine  
  21  1:51  Supply Depot  
  21  1:56  SCV  
  22  2:02  Marine  
  23  2:12  SCV  
  24  2:19  Factory Tech Lab  
  24  2:20  Starport  
  24  2:21  Marine  
  25  2:24  SCV  
  26  2:30  Supply Depot  
  26  2:36  SCV  
  27  2:41  Cyclone  
  27  2:43  Marine  
  31  2:57  Medivac  
  33  3:01  Marine  
  33  3:04  Supply Depot  
  34  3:08  SCV  
  35  3:13  Siege Tank  
  35  3:18  Marine  
  39  3:26  Liberator  
  39  3:30  SCV  
  40  3:38  Supply Depot, Marine  
  41  3:42  SCV  
  45  3:54  SCV  
  46  3:59  Marine  
  47  4:10  Command Center  
  47  4:11  Engineering Bay  
  47  4:16  SCV  
  48  4:17  Marine  
  49  4:27  Siege Tank  
  52  4:35  Marine  
  50  4:41  Missile Turret  
  50  4:49  SCV  
  51  4:53  Marine  
  51  4:59  Cyclone  
  55  5:11  Marine  
  55  5:12  Missile Turret  
  55  5:13  SCV  
  55  5:19  Viking  
  55  5:25  SCV  
  56  5:28  Marine  
  56  5:30  Orbital Command  
  56  5:31  Siege Tank  
  58  5:46  Marine  
  58  5:58  SCV x2  
  58  5:59  Barracks  
  58  6:00  Barracks  
  58  6:03  Siege Tank  
  59  6:04  Marine  
  59  6:10  SCV  
  55  6:12  SCV  
  55  6:22  SCV  
Tags
 
Add a new tag
Caveats
  • Supply blocks, unpowered buildings, or Contaminate may cause inaccurate times.
  • Supply counts are checked every 10 seconds.